Blackdemons vs Little Stars
Created - March 10, 2018 at 22:25
Goals
|
Blackdemons |
4 |
3 |
1 |
8 |
Little Stars |
1 |
3 |
0 |
4 |
|
Shots
|
Blackdemons |
13 |
16 |
14 |
43 |
Little Stars |
9 |
12 |
12 |
33 |
|
1st period
1. Blackdemons , Martin Hanzal 34 (Mathew Dumba 19, Ronalds Kenins 18) at 7:16
2. Blackdemons , Sergei Plotnikov 14 (Keaton Ellerby 41, Kyle Rau 21) at 11:14
3. Blackdemons , Andy McDonald 25 (James Livingstone 1) at 16:13
4. Blackdemons , Branko Radivojevic 33 (Martin Hanzal 53) at 17:35
5. Little Stars , Brian Flynn 26 (Alex Chiasson 71) at 19:07
Penalties :
Scott Timmins (MJM) for Tripping (Minor) at 2:31, Scott Harrington (Tex) for Close Hand On Puck (Minor) at 8:43, Jesse Joensuu (Tex) for Hooking (Minor) at 19:51
2nd period
6. Blackdemons , Ronalds Kenins 23 (Patrice Cormier 40, Mathew Dumba 20) at 4:31 (PP)
7. Little Stars , Hugh Jessiman 16 (Dana Tyrell 31, Phil Oreskovic 28) at 5:06
8. Blackdemons , Ronalds Kenins 24 (Martin Hanzal 54) at 7:54
9. Little Stars , Niklas Hjalmarsson 7 (Phil Oreskovic 29) at 10:55
10. Blackdemons , Patrice Cormier 28 (Andy McDonald 37) at 12:09
11. Little Stars , Mathieu Perreault 14 (Jesper Fast 22, Robert Klinkhammer 11) at 15:47
Penalties :
Jesse Joensuu (Tex) for Roughing (Minor) at 3:33
3rd period
12. Blackdemons , Martin Hanzal 35 (Mathew Dumba 21, Branko Radivojevic 26) at 0:41 (PP)
Penalties :
Jesse Joensuu (Tex) for Roughing (Minor) at 0:28, Scott Kosmachuck (Tex) for Fighting (Major) at 1:53, Keaton Ellerby (MJM) for Fighting (Major) at 1:53, Robert Klinkhammer (Tex) for Fighting (Major) at 12:02, Andrew MacDonald (MJM) for Fighting (Major) at 12:02, Jesper Fast (Tex) for Interference (Minor) at 14:20
Goalie Stats
Matt Hackett (MJM), 29 saves from 33 shots - (0.879), W, 27-15-3, 60:00 minutes
Jhonas Enroth (Tex), 20 saves from 24 shots - (0.833), 36:54 minutes
Peter Delmas (Tex), 15 saves from 19 shots - (0.789), L, 4-4-1, 23:06 minutes
Players Stats for Blackdemons
Player Name G A P +/- PIM S H SB GA TA FO MP PP MP PK MP
------------------------------------------------------------------------------------
Alexandre Grenier 0 0 0 1 0 2 0 1 0 0 0/0 19:48 3:06 0:00
Andrew MacDonald 0 0 0 -3 5 1 1 1 0 0 0/0 16:10 0:00 0:00
Andy McDonald 1 1 2 1 0 6 1 1 2 0 0/0 19:53 3:06 0:19
Blake Pietila 0 0 0 -1 0 1 0 0 0 0 0/0 5:42 0:00 0:00
Branko Radivojevic 1 1 2 3 0 3 1 1 0 1 2/4 21:35 4:02 0:00
Brett Kulak 0 0 0 0 0 0 0 0 0 0 0/0 3:24 0:00 0:00
Calvin de Haan 0 0 0 -3 0 2 2 3 0 1 0/0 23:23 2:34 1:04
Charles-Olivier Roussel 0 0 0 0 0 0 0 0 0 0 0/0 3:24 0:00 0:00
James Livingstone 0 1 1 -1 0 1 0 0 0 0 0/0 5:42 0:00 0:00
Jeffrey Foss 0 0 0 1 0 1 0 1 0 1 0/0 10:06 0:00 0:00
Keaton Ellerby 0 1 1 4 5 2 0 3 1 0 0/0 23:14 4:34 0:55
Kyle Rau 0 1 1 -1 0 0 1 0 0 0 1/4 11:18 0:00 0:22
Martin Hanzal 2 2 4 3 0 2 1 1 0 0 18/38 22:29 4:02 0:40
Mathew Dumba 0 3 3 4 0 3 3 3 0 0 0/0 26:21 4:34 0:55
Max Friberg 0 0 0 -1 0 4 1 0 0 0 0/0 11:35 0:00 0:40
Patrice Cormier 1 1 2 1 0 6 0 0 1 0 13/28 20:31 3:06 0:57
Roman Josi 0 0 0 1 0 0 0 1 1 0 0/0 13:56 2:34 1:04
Ronalds Kenins 2 1 3 3 0 6 3 2 0 1 1/1 22:40 3:52 1:00
Scott Timmins 0 0 0 -1 2 1 1 0 0 0 1/3 5:42 0:00 0:00
Sergei Plotnikov 1 0 1 -1 0 2 0 0 0 0 0/1 11:05 0:10 0:00
Players Stats for Little Stars
Player Name G A P +/- PIM S H SB GA TA FO MP PP MP PK MP
------------------------------------------------------------------------------------
Alex Chiasson 0 1 1 -2 0 4 3 0 2 0 2/8 24:05 1:02 3:59
Alexander Khokhlachev 0 0 0 0 0 0 0 0 0 0 0/1 1:19 0:00 1:14
Alexander Vasyunov 0 0 0 -1 0 0 0 1 0 0 0/0 5:33 0:00 0:00
Brian Flynn 1 0 1 -2 0 5 2 1 0 0 27/44 22:00 1:02 1:55
Dana Tyrell 0 1 1 0 0 4 1 0 0 1 5/13 16:15 0:57 0:00
Daniel Catenacci 0 0 0 0 0 0 0 0 0 0 0/0 0:00 0:00 0:00
Daniel O'regan 0 0 0 -1 0 0 0 0 0 0 0/1 5:33 0:00 0:00
Dillon Simpson 0 0 0 0 0 0 0 0 0 0 0/0 0:00 0:00 0:00
Duncan Siemens 0 0 0 -1 0 0 0 0 0 0 0/0 3:48 0:00 0:00
Hugh Jessiman 1 0 1 0 0 5 4 2 0 0 1/1 18:10 0:57 1:55
Jesper Fast 0 1 1 1 2 1 1 0 0 1 0/0 10:53 0:00 0:00
Jesse Joensuu 0 0 0 0 6 0 2 0 0 0 0/1 16:15 0:57 0:00
Jordie Benn 0 0 0 -1 0 1 1 1 0 1 0/0 19:37 0:56 3:00
Mathieu Perreault 1 0 1 1 0 3 1 0 0 0 6/7 10:53 0:00 0:00
Michael Mersch 0 0 0 0 0 0 0 0 0 0 0/0 3:02 0:00 1:14
Niklas Hjalmarsson 1 0 1 0 0 2 0 1 1 0 0/0 26:12 1:03 4:08
Phil Oreskovic 0 2 2 0 0 1 4 1 0 1 0/0 26:12 1:03 4:08
Reece Willcox 0 0 0 -1 0 0 0 0 0 0 0/0 3:48 0:00 0:00
Robert Klinkhammer 0 1 1 1 5 1 0 1 0 0 0/0 9:58 0:00 0:00
Scott Harrington 0 0 0 0 2 0 0 0 0 1 0/0 10:24 0:00 0:00
Scott Kosmachuck 0 0 0 -1 5 0 0 0 0 0 0/0 4:43 0:00 0:00
Shawn Matthias 0 0 0 -2 0 3 2 1 1 0 2/3 24:05 1:02 3:59
Tyler Wotherspoon 0 0 0 0 0 1 0 0 0 0 0/0 10:23 0:00 0:00
Tyson Barrie 0 0 0 -1 0 2 1 2 0 0 0/0 19:37 0:56 3:00
Ville Pokka 0 0 0 0 0 0 0 0 0 0 0/0 0:00 0:00 0:00
3 Stars
1 - Martin Hanzal (MJM)
2 - Ronalds Kenins (MJM)
3 - Mathew Dumba (MJM)
Power Play
Blackdemons - 2 on 5 Attempt(s) - 40.00%
Little Stars - 0 on 1 Attempt(s) - 0.00%
Penalty Kill
Blackdemons - 1 on 1 Attempt(s) - 100.00%
- Score 0 goal in Penalty Kill
Little Stars - 3 on 5 Attempt(s) - 60.00%
- Score 0 goal in Penalty Kill
Team Stat
Blackdemons - Hits : 15 - Faceoff Wins : 36 - Blocked Shots : 18 - Penalty Minutes : 12
Little Stars - Hits : 22 - Faceoff Wins : 43 - Blocked Shots : 11 - Penalty Minutes : 20
Official
Referees : LaRue Dennis and Meier Brad
Linesman : Jonny Murray and Michel Cormier
Game Notes
Peter Delmas enters game at 17:35 of 1st period
Jhonas Enroth enters game at 0:41 of 3rd period
Scott Kosmachuck and Keaton Ellerby fight to a draw at 1:53 of 3rd period
Robert Klinkhammer and Andrew MacDonald fight to a draw at 12:02 of 3rd period
Branko Radivojevic is injured at 19:26 of 3rd period (Torn Left Knee Ligaments)
Finance
Level 1 -- Attendance: 1573 (78.65%) -- Ticket Income $55,055
Level 2 -- Attendance: 798 (79.80%) -- Ticket Income $15,960
Total Attendance: 2371 (79.03%)
Total Ticket Income: $71,015
Other Income: $3,551
Total Income: $74,566
Blackdemons
5 vs 5 Forward
Center Left Wing Right Wing Time % Phy DF OF
1 Martin Hanzal Ronalds Kenins Branko Radivojevic 37 0 2 3
2 Patrice Cormier Andy McDonald Alexandre Grenier 35 0 2 3
3 Kyle Rau Sergei Plotnikov Max Friberg 20 1 2 2
4 Scott Timmins Blake Pietila James Livingstone 8 0 4 1
5 vs 5 Defense
Defense Defense Time % Phy DF OF
1 Mathew Dumba Keaton Ellerby 40 0 3 2
2 Calvin de Haan Andrew MacDonald 35 0 3 2
3 Roman Josi Jeffrey Foss 20 1 2 2
4 Charles-Olivier Roussel Brett Kulak 5 1 3 1
PowerPlay Forward
Center Left Wing Right Wing Time % Phy DF OF
1 Martin Hanzal Ronalds Kenins Branko Radivojevic 55 0 1 4
2 Patrice Cormier Andy McDonald Alexandre Grenier 45 0 1 4
PowerPlay Defense
Defense Defense Time % Phy DF OF
1 Keaton Ellerby Mathew Dumba 55 0 1 4
2 Roman Josi Calvin de Haan 45 0 1 4
Penalty Kill 4 Players Forward
Center Wing Time % Phy DF OF
1 Patrice Cormier Ronalds Kenins 60 0 5 0
2 Martin Hanzal Max Friberg 40 0 5 0
Penalty Kill 4 Players Defense
Defense Defense Time % Phy DF OF
1 Calvin de Haan Roman Josi 60 0 5 0
2 Keaton Ellerby Mathew Dumba 40 0 5 0
Penalty Kill - 3 Players Forward
Forward Time % Phy DF OF
1 Patrice Cormier 60 0 5 0
2 Max Friberg 40 0 5 0
Penalty Kill - 3 Players Defense
Defense Defense Time % Phy DF OF
1 Mathew Dumba Keaton Ellerby 60 0 5 0
2 Calvin de Haan Roman Josi 40 0 5 0
4 vs 4 Forward
Center Wing Time % Phy DF OF
1 Martin Hanzal Branko Radivojevic 60 1 2 2
2 Patrice Cormier Max Friberg 40 1 2 2
4 vs 4 Defense
Defense Defense Time % Phy DF OF
1 Keaton Ellerby Mathew Dumba 60 1 2 2
2 Andrew MacDonald Roman Josi 40 1 2 2
Last Minutes Offensive
Center Left Wing Right Wing Defense Defense
Martin Hanzal Andy McDonald Branko Radivojevic Keaton Ellerby Andrew MacDonald
Last Minutes Defensive
Center Left Wing Right Wing Defense Defense
Patrice Cormier Andy McDonald Branko Radivojevic Mathew Dumba Keaton Ellerby
Goaltenders
Starting : Matt Hackett
Backup : Laurent Brossoit
Extra Forwards
Normal : Martin Hanzal, Andy McDonald, Patrice Cormier - PP : Andy McDonald, Martin Hanzal - PK : Patrice Cormier
Extra Defensemen
Normal : Calvin de Haan, Mathew Dumba, Jeffrey Foss - PP : Mathew Dumba - PK : Mathew Dumba, Calvin de Haan
Penalty Shots
Martin Hanzal, Branko Radivojevic, Ronalds Kenins, Andy McDonald, Alexandre Grenier
Scratches
Ales Kotalik (Sore Right Knee Injury), Colin Smith (Healthy), Klas Dahlbeck (Broken Bone (Left Foot) Injury), Jyrki Jokipakka (Healthy), Mackenzie MacEachern (Healthy)
Reece Scarlett (Healthy), Ben Maxwell (Healthy), Nicolas Deschamps (Healthy), Jacob Lagacé (Healthy), Alexander Salak (Healthy)
Sami Aittokallio (Healthy)
Little Stars
5 vs 5 Forward
Center Left Wing Right Wing Time % Phy DF OF
1 Brian Flynn Shawn Matthias Alex Chiasson 40 1 2 2
2 Dana Tyrell Jesse Joensuu Hugh Jessiman 30 1 2 2
3 Mathieu Perreault Robert Klinkhammer Jesper Fast 20 1 2 2
4 Daniel O'regan Alexander Vasyunov Scott Kosmachuck 10 1 2 2
5 vs 5 Defense
Defense Defense Time % Phy DF OF
1 Phil Oreskovic Niklas Hjalmarsson 40 1 2 2
2 Jordie Benn Tyson Barrie 30 1 2 2
3 Tyler Wotherspoon Scott Harrington 20 1 2 2
4 Duncan Siemens Reece Willcox 10 1 2 2
PowerPlay Forward
Center Left Wing Right Wing Time % Phy DF OF
1 Brian Flynn Shawn Matthias Alex Chiasson 60 1 2 2
2 Dana Tyrell Jesse Joensuu Hugh Jessiman 40 1 2 2
PowerPlay Defense
Defense Defense Time % Phy DF OF
1 Phil Oreskovic Niklas Hjalmarsson 60 1 2 2
2 Jordie Benn Tyson Barrie 40 1 2 2
Penalty Kill 4 Players Forward
Center Wing Time % Phy DF OF
1 Alex Chiasson Shawn Matthias 60 1 2 2
2 Brian Flynn Hugh Jessiman 40 1 2 2
Penalty Kill 4 Players Defense
Defense Defense Time % Phy DF OF
1 Phil Oreskovic Niklas Hjalmarsson 60 1 2 2
2 Jordie Benn Tyson Barrie 40 1 2 2
Penalty Kill - 3 Players Forward
Forward Time % Phy DF OF
1 Alex Chiasson 60 1 2 2
2 Shawn Matthias 40 1 2 2
Penalty Kill - 3 Players Defense
Defense Defense Time % Phy DF OF
1 Phil Oreskovic Niklas Hjalmarsson 60 1 2 2
2 Jordie Benn Tyson Barrie 40 1 2 2
4 vs 4 Forward
Center Wing Time % Phy DF OF
1 Alex Chiasson Shawn Matthias 60 1 2 2
2 Brian Flynn Hugh Jessiman 40 1 2 2
4 vs 4 Defense
Defense Defense Time % Phy DF OF
1 Phil Oreskovic Niklas Hjalmarsson 60 1 2 2
2 Jordie Benn Tyson Barrie 40 1 2 2
Last Minutes Offensive
Center Left Wing Right Wing Defense Defense
Brian Flynn Shawn Matthias Alex Chiasson Phil Oreskovic Niklas Hjalmarsson
Last Minutes Defensive
Center Left Wing Right Wing Defense Defense
Brian Flynn Shawn Matthias Alex Chiasson Phil Oreskovic Niklas Hjalmarsson
Goaltenders
Starting : Jhonas Enroth
Backup : Peter Delmas
Extra Forwards
Normal : Michael Mersch, Daniel Catenacci, Alexander Khokhlachev - PP : Michael Mersch, Daniel Catenacci - PK : Alexander Khokhlachev
Extra Defensemen
Normal : Dillon Simpson, Ville Pokka, Tyler Wotherspoon - PP : Dillon Simpson - PK : Ville Pokka, Tyler Wotherspoon
Penalty Shots
Alex Chiasson, Shawn Matthias, Brian Flynn, Hugh Jessiman, Dana Tyrell
Scratches
Andrej Sustr (Sports Hernia Injury), Anthony Camara (Healthy), Yannick Weber (Bruised Left Leg Injury), Anthony Stolarz (Healthy)
% Time on Ice - Blackdemons
Lines # - Real PCT - Wanted PCT - Time Play
Normal Forward
1 - 35% - 37% - 17:48
2 - 32% - 35% - 16:28
3 - 21% - 20% - 10:55
4 - 11% - 8% - 5:42
Normal Defense
1 - 40% - 40% - 20:11
2 - 34% - 35% - 17:20
3 - 20% - 20% - 9:58
4 - 7% - 5% - 3:24
PP Forward
1 - 57% - 55% - 4:02
2 - 43% - 45% - 3:06
PP Defense
1 - 64% - 55% - 4:34
2 - 36% - 45% - 2:34
PK Forward
1 - 66% - 60% - 1:19
2 - 34% - 40% - 0:40
PK Defense
1 - 54% - 60% - 1:04
2 - 46% - 40% - 0:55
PK3 Forward
1 - 0% - 60%
2 - 0% - 40%
PK3 Defense
1 - 0% - 60%
2 - 0% - 40%
44 Forward
1 - 0% - 60%
2 - 0% - 40%
44 Defense
1 - 0% - 60%
2 - 0% - 40%
Last Minute Offensive - 0:00
Last Minute Defensive - 0:00
Total
Forward - 60:00
Defense - 60:00
|
% Time on Ice - Little Stars
Lines # - Real PCT - Wanted PCT - Time Play
Normal Forward
1 - 38% - 40% - 19:09
2 - 30% - 30% - 15:18
3 - 21% - 20% - 10:53
4 - 11% - 10% - 5:33
Normal Defense
1 - 41% - 40% - 21:01
2 - 31% - 30% - 15:41
3 - 20% - 20% - 10:23
4 - 7% - 10% - 3:48
PP Forward
1 - 52% - 60% - 1:02
2 - 48% - 40% - 0:57
PP Defense
1 - 53% - 60% - 1:03
2 - 47% - 40% - 0:56
PK Forward
1 - 73% - 60% - 5:13
2 - 27% - 40% - 1:55
PK Defense
1 - 58% - 60% - 4:08
2 - 42% - 40% - 3:00
PK3 Forward
1 - 0% - 60%
2 - 0% - 40%
PK3 Defense
1 - 0% - 60%
2 - 0% - 40%
44 Forward
1 - 0% - 60%
2 - 0% - 40%
44 Defense
1 - 0% - 60%
2 - 0% - 40%
Last Minute Offensive - 0:00
Last Minute Defensive - 0:00
Total
Forward - 60:00
Defense - 60:00
|
Play by Play
1st period
0:01 of 1st period - Martin Hanzal wins face-off versus Brian Flynn in neutral zone.
1:06 of 1st period - Jordie Benn is hit by Mathew Dumba and loses puck.
1:37 of 1st period - Snap shot by Patrice Cormier.
1:37 of 1st period - Shot Misses the Net.
1:39 of 1st period - Wrist shot by Patrice Cormier.
1:39 of 1st period - Stopped by Jhonas Enroth with a rebound.
1:55 of 1st period - Snap shot by Alex Chiasson.
1:55 of 1st period - Shot Blocked by Andrew MacDonald.
1:57 of 1st period - Slapshot by Brian Flynn.
1:57 of 1st period - Shot Misses the Net.
1:59 of 1st period - Snap shot by Jordie Benn.
1:59 of 1st period - Stopped by Matt Hackett with a rebound.
2:28 of 1st period - Icing by Hugh Jessiman.
2:29 of 1st period - Scott Timmins wins face-off versus Mathieu Perreault in Little Stars zone.
2:31 of 1st period - Minor Penalty to Scott Timmins for Tripping.
2:32 of 1st period - Patrice Cormier wins face-off versus Brian Flynn in Blackdemons zone.
3:40 of 1st period - Slapshot by Keaton Ellerby.
3:40 of 1st period - Shot Misses the Net.
3:55 of 1st period - Mathew Dumba is hit by Shawn Matthias and loses puck.
4:06 of 1st period - Jesse Joensuu is hit by Mathew Dumba and loses puck.
4:31 of 1st period - Penalty to Scott Timmins is over, Scott Timmins is back on ice.
5:46 of 1st period - Snap shot by Andy McDonald.
5:46 of 1st period - Shot Misses the Net.
5:48 of 1st period - Slapshot by Andrew MacDonald.
5:48 of 1st period - Shot Blocked by Robert Klinkhammer.
6:08 of 1st period - Wrist shot by Scott Kosmachuck.
6:08 of 1st period - Shot Blocked by Calvin de Haan.
6:32 of 1st period - Icing by Sergei Plotnikov.
6:33 of 1st period - Brian Flynn wins face-off versus Kyle Rau in Blackdemons zone.
6:34 of 1st period - Slapshot by Alex Chiasson.
6:34 of 1st period - Stopped by Matt Hackett without a rebound.
6:35 of 1st period - Brian Flynn wins face-off versus Martin Hanzal in Blackdemons zone.
6:36 of 1st period - Wrist shot by Alex Chiasson.
6:36 of 1st period - Stopped by Matt Hackett with a rebound.
6:41 of 1st period - Off-side.
6:42 of 1st period - Brian Flynn wins face-off versus Martin Hanzal in neutral zone.
7:10 of 1st period - Snap shot by Ronalds Kenins.
7:10 of 1st period - Shot Blocked by Jordie Benn.
7:12 of 1st period - Wrist shot by Ronalds Kenins.
7:12 of 1st period - Shot Misses the Net.
7:14 of 1st period - Slapshot by Mathew Dumba.
7:14 of 1st period - Stopped by Jhonas Enroth with a rebound.
7:16 of 1st period - Snap shot by Martin Hanzal.
7:16 of 1st period - Goal by Martin Hanzal - Blackdemons : 1 - Little Stars : 0.
7:17 of 1st period - Dana Tyrell wins face-off versus Patrice Cormier in neutral zone.
7:27 of 1st period - Snap shot by Patrice Cormier.
7:27 of 1st period - Shot Misses the Net.
7:29 of 1st period - Slapshot by Andy McDonald.
7:29 of 1st period - Shot Hit the Post.
7:31 of 1st period - Slapshot by Calvin de Haan.
7:31 of 1st period - Deflect By Patrice Cormier.
7:31 of 1st period - Shot Misses the Net.
7:31 of 1st period - Puck is out of play.
7:32 of 1st period - Martin Hanzal wins face-off versus Brian Flynn in Little Stars zone.
7:41 of 1st period - Slapshot by Shawn Matthias.
7:41 of 1st period - Stopped by Matt Hackett with a rebound.
7:45 of 1st period - Wrist shot by Brian Flynn.
7:45 of 1st period - Stopped by Matt Hackett with a rebound.
7:47 of 1st period - Slapshot by Phil Oreskovic.
7:47 of 1st period - Shot Blocked by Calvin de Haan.
7:59 of 1st period - Alexandre Grenier is hit by Hugh Jessiman and loses puck.
8:04 of 1st period - Slapshot by Dana Tyrell.
8:04 of 1st period - Stopped by Matt Hackett with a rebound.
8:06 of 1st period - Slapshot by Jordie Benn.
8:06 of 1st period - Shot Blocked by Alexandre Grenier.
8:43 of 1st period - Minor Penalty to Scott Harrington for Close Hand On Puck.
8:44 of 1st period - Martin Hanzal wins face-off versus Alex Chiasson in Little Stars zone.
9:10 of 1st period - Shawn Matthias is hit by Mathew Dumba and loses puck.
9:29 of 1st period - Martin Hanzal is hit by Hugh Jessiman and loses puck.
10:25 of 1st period - Martin Hanzal is hit by Phil Oreskovic and loses puck.
10:43 of 1st period - Penalty to Scott Harrington is over, Scott Harrington is back on ice.
11:12 of 1st period - Snap shot by Keaton Ellerby.
11:12 of 1st period - Shot Blocked by Alexander Vasyunov.
11:14 of 1st period - Snap shot by Sergei Plotnikov.
11:14 of 1st period - Goal by Sergei Plotnikov - Blackdemons : 2 - Little Stars : 0.
11:15 of 1st period - Patrice Cormier wins face-off versus Brian Flynn in neutral zone.
11:42 of 1st period - Niklas Hjalmarsson is hit by Branko Radivojevic and loses puck.
12:02 of 1st period - Wrist shot by Sergei Plotnikov.
12:02 of 1st period - Stopped by Jhonas Enroth with a rebound.
12:04 of 1st period - Snap shot by Kyle Rau.
12:04 of 1st period - Shot Misses the Net.
12:06 of 1st period - Snap shot by Kyle Rau.
12:06 of 1st period - Shot Misses the Net.
12:08 of 1st period - Snap shot by Max Friberg.
12:08 of 1st period - Stopped by Jhonas Enroth with a rebound.
12:10 of 1st period - Slapshot by Roman Josi.
12:10 of 1st period - Shot Blocked by Tyson Barrie.
12:12 of 1st period - Snap shot by Max Friberg.
12:12 of 1st period - Stopped by Jhonas Enroth with a rebound.
12:24 of 1st period - Snap shot by Alex Chiasson.
12:24 of 1st period - Stopped by Matt Hackett with a rebound.
12:29 of 1st period - Off-side.
12:30 of 1st period - Brian Flynn wins face-off versus Martin Hanzal in neutral zone.
12:33 of 1st period - Slapshot by Brian Flynn.
12:33 of 1st period - Shot Blocked by Ronalds Kenins.
12:37 of 1st period - Slapshot by Brian Flynn.
12:37 of 1st period - Shot Blocked by Martin Hanzal.
12:39 of 1st period - Snap shot by Niklas Hjalmarsson.
12:39 of 1st period - Shot Misses the Net.
12:45 of 1st period - Snap shot by Shawn Matthias.
12:45 of 1st period - Shot Misses the Net.
12:55 of 1st period - Martin Hanzal is hit by Mathieu Perreault and loses puck.
13:04 of 1st period - Slapshot by Ronalds Kenins.
13:04 of 1st period - Stopped by Jhonas Enroth with a rebound.
13:22 of 1st period - Snap shot by Andy McDonald.
13:22 of 1st period - Shot Blocked by Hugh Jessiman.
13:45 of 1st period - Off-side.
13:46 of 1st period - Patrice Cormier wins face-off versus Dana Tyrell in neutral zone.
14:38 of 1st period - Slapshot by Patrice Cormier.
14:38 of 1st period - Shot Misses the Net.
14:40 of 1st period - Wrist shot by Andy McDonald.
14:40 of 1st period - Stopped by Jhonas Enroth without a rebound.
14:41 of 1st period - Brian Flynn wins face-off versus Martin Hanzal in Little Stars zone.
14:48 of 1st period - Andrew MacDonald is hit by Brian Flynn and loses puck.
16:13 of 1st period - Snap shot by Andy McDonald.
16:13 of 1st period - Goal by Andy McDonald - Blackdemons : 3 - Little Stars : 0.
16:14 of 1st period - Branko Radivojevic wins face-off versus Dana Tyrell in neutral zone.
17:22 of 1st period - Icing by Dana Tyrell.
17:23 of 1st period - Mathieu Perreault wins face-off versus Martin Hanzal in Little Stars zone.
17:30 of 1st period - Tyson Barrie is hit by Ronalds Kenins and loses puck.
17:35 of 1st period - Snap shot by Branko Radivojevic.
17:35 of 1st period - Goal by Branko Radivojevic - Blackdemons : 4 - Little Stars : 0.
17:35 of 1st period - Peter Delmas enters game.
17:36 of 1st period - Shawn Matthias wins face-off versus Patrice Cormier in neutral zone.
18:01 of 1st period - Phil Oreskovic is hit by Martin Hanzal and loses puck.
18:06 of 1st period - Slapshot by Ronalds Kenins.
18:06 of 1st period - Stopped by Peter Delmas with a rebound.
18:08 of 1st period - Wrist shot by Branko Radivojevic.
18:08 of 1st period - Shot Misses the Net.
18:10 of 1st period - Slapshot by Keaton Ellerby.
18:10 of 1st period - Stopped by Peter Delmas without a rebound.
18:11 of 1st period - Brian Flynn wins face-off versus Patrice Cormier in Little Stars zone.
18:36 of 1st period - Jesse Joensuu is hit by Ronalds Kenins and loses puck.
18:41 of 1st period - Slapshot by Ronalds Kenins.
18:41 of 1st period - Shot Blocked by Hugh Jessiman.
18:47 of 1st period - Branko Radivojevic is hit by Hugh Jessiman and loses puck.
18:57 of 1st period - Off-side.
18:58 of 1st period - Mathieu Perreault wins face-off versus Sergei Plotnikov in neutral zone.
19:01 of 1st period - Slapshot by Niklas Hjalmarsson.
19:01 of 1st period - Shot Blocked by Calvin de Haan.
19:03 of 1st period - Wrist shot by Robert Klinkhammer.
19:03 of 1st period - Stopped by Matt Hackett without a rebound.
19:04 of 1st period - Brian Flynn wins face-off versus Kyle Rau in Blackdemons zone.
19:07 of 1st period - Wrist shot by Brian Flynn.
19:07 of 1st period - Goal by Brian Flynn - Blackdemons : 4 - Little Stars : 1.
19:08 of 1st period - Alex Chiasson wins face-off versus Patrice Cormier in neutral zone.
19:43 of 1st period - Snap shot by Martin Hanzal.
19:43 of 1st period - Shot Misses the Net.
19:45 of 1st period - Snap shot by Martin Hanzal.
19:45 of 1st period - Shot Misses the Net.
19:51 of 1st period - Minor Penalty to Jesse Joensuu for Hooking.
19:52 of 1st period - Martin Hanzal wins face-off versus Alex Chiasson in Little Stars zone.
Goals for this period are 4 for Blackdemons vs 1 for Little Stars.
Shots for this period are 13 for Blackdemons vs 9 for Little Stars.
2nd period
0:01 of 2nd period - Alex Chiasson wins face-off versus Martin Hanzal in neutral zone.
0:18 of 2nd period - Keaton Ellerby is hit by Alex Chiasson and loses puck.
1:41 of 2nd period - Icing by Calvin de Haan.
1:42 of 2nd period - Patrice Cormier wins face-off versus Alexander Khokhlachev in Blackdemons zone.
1:51 of 2nd period - Penalty to Jesse Joensuu is over, Jesse Joensuu is back on ice.
1:57 of 2nd period - Calvin de Haan is hit by Jesse Joensuu and loses puck.
2:35 of 2nd period - Icing by Martin Hanzal.
2:36 of 2nd period - Brian Flynn wins face-off versus Martin Hanzal in Blackdemons zone.
2:43 of 2nd period - Wrist shot by Brian Flynn.
2:43 of 2nd period - Deflect By Alex Chiasson.
2:43 of 2nd period - Shot Misses the Net.
2:43 of 2nd period - Puck is out of play.
2:44 of 2nd period - Patrice Cormier wins face-off versus Brian Flynn in Blackdemons zone.
2:49 of 2nd period - Slapshot by Alexandre Grenier.
2:49 of 2nd period - Stopped by Peter Delmas without a rebound.
2:50 of 2nd period - Patrice Cormier wins face-off versus Brian Flynn in Little Stars zone.
2:57 of 2nd period - Slapshot by Patrice Cormier.
2:57 of 2nd period - Stopped by Peter Delmas without a rebound.
2:58 of 2nd period - Martin Hanzal wins face-off versus Brian Flynn in Little Stars zone.
3:01 of 2nd period - Snap shot by Branko Radivojevic.
3:01 of 2nd period - Shot Misses the Net.
3:07 of 2nd period - Snap shot by Brian Flynn.
3:07 of 2nd period - Shot Misses the Net.
3:09 of 2nd period - Slapshot by Niklas Hjalmarsson.
3:09 of 2nd period - Stopped by Matt Hackett with a rebound.
3:11 of 2nd period - Wrist shot by Shawn Matthias.
3:11 of 2nd period - Stopped by Matt Hackett without a rebound.
3:12 of 2nd period - Dana Tyrell wins face-off versus Patrice Cormier in Blackdemons zone.
3:17 of 2nd period - Backhand shot by Hugh Jessiman.
3:17 of 2nd period - Stopped by Matt Hackett with a rebound.
3:23 of 2nd period - Wrist shot by Andy McDonald.
3:23 of 2nd period - Stopped by Peter Delmas with a rebound.
3:25 of 2nd period - Snap shot by Patrice Cormier.
3:25 of 2nd period - Stopped by Peter Delmas with a rebound.
3:27 of 2nd period - Slapshot by Patrice Cormier.
3:27 of 2nd period - Shot Misses the Net.
3:33 of 2nd period - Minor Penalty to Jesse Joensuu for Roughing.
3:34 of 2nd period - Martin Hanzal wins face-off versus Alex Chiasson in Little Stars zone.
4:29 of 2nd period - Slapshot by Patrice Cormier.
4:29 of 2nd period - Shot Misses the Net.
4:31 of 2nd period - Wrist shot by Ronalds Kenins.
4:31 of 2nd period - Goal by Ronalds Kenins - Blackdemons : 5 - Little Stars : 1.
4:32 of 2nd period - Brian Flynn wins face-off versus Martin Hanzal in neutral zone.
5:04 of 2nd period - Backhand shot by Dana Tyrell.
5:04 of 2nd period - Stopped by Matt Hackett with a rebound.
5:06 of 2nd period - Wrist shot by Hugh Jessiman.
5:06 of 2nd period - Goal by Hugh Jessiman - Blackdemons : 5 - Little Stars : 2.
5:07 of 2nd period - Brian Flynn wins face-off versus Martin Hanzal in neutral zone.
5:18 of 2nd period - Slapshot by Ronalds Kenins.
5:18 of 2nd period - Stopped by Peter Delmas without a rebound.
5:19 of 2nd period - Brian Flynn wins face-off versus Patrice Cormier in Little Stars zone.
5:24 of 2nd period - Snap shot by Patrice Cormier.
5:24 of 2nd period - Shot Misses the Net.
5:26 of 2nd period - Slapshot by Mathew Dumba.
5:26 of 2nd period - Deflect By Niklas Hjalmarsson.
5:26 of 2nd period - Stopped by Peter Delmas with a rebound.
5:44 of 2nd period - Branko Radivojevic is hit by Dana Tyrell and loses puck.
6:15 of 2nd period - Andrew MacDonald is hit by Jesper Fast and loses puck.
7:09 of 2nd period - Snap shot by Jesse Joensuu.
7:09 of 2nd period - Shot Blocked by Keaton Ellerby.
7:16 of 2nd period - Icing by Mathew Dumba.
7:17 of 2nd period - Martin Hanzal wins face-off versus Jesse Joensuu in Blackdemons zone.
7:17 of 2nd period - Martin Hanzal is hit by Tyson Barrie.
7:27 of 2nd period - Wrist shot by Branko Radivojevic.
7:27 of 2nd period - Stopped by Peter Delmas without a rebound.
7:28 of 2nd period - Patrice Cormier wins face-off versus Brian Flynn in Little Stars zone.
7:42 of 2nd period - Off-side.
7:43 of 2nd period - Martin Hanzal wins face-off versus Dana Tyrell in neutral zone.
7:54 of 2nd period - Snap shot by Ronalds Kenins.
7:54 of 2nd period - Goal by Ronalds Kenins - Blackdemons : 6 - Little Stars : 2.
7:55 of 2nd period - Brian Flynn wins face-off versus Patrice Cormier in neutral zone.
8:17 of 2nd period - Icing by Alexandre Grenier.
8:18 of 2nd period - Martin Hanzal wins face-off versus Dana Tyrell in Blackdemons zone.
8:29 of 2nd period - Slapshot by Ronalds Kenins.
8:29 of 2nd period - Shot Misses the Net.
8:43 of 2nd period - Andy McDonald is hit by Shawn Matthias and loses puck.
9:10 of 2nd period - Tyson Barrie is hit by Andrew MacDonald and loses puck.
9:23 of 2nd period - Snap shot by Alexander Vasyunov.
9:23 of 2nd period - Shot Blocked by Roman Josi.
10:16 of 2nd period - Keaton Ellerby is hit by Alex Chiasson and loses puck.
10:39 of 2nd period - Slapshot by Max Friberg.
10:39 of 2nd period - Shot Blocked by Phil Oreskovic.
10:55 of 2nd period - Slapshot by Niklas Hjalmarsson.
10:55 of 2nd period - Goal by Niklas Hjalmarsson - Blackdemons : 6 - Little Stars : 3.
10:56 of 2nd period - Martin Hanzal wins face-off versus Brian Flynn in neutral zone.
11:02 of 2nd period - Icing by Phil Oreskovic.
11:03 of 2nd period - Martin Hanzal wins face-off versus Brian Flynn in Little Stars zone.
11:10 of 2nd period - Snap shot by Ronalds Kenins.
11:10 of 2nd period - Stopped by Peter Delmas without a rebound.
11:11 of 2nd period - Brian Flynn wins face-off versus Patrice Cormier in Little Stars zone.
11:18 of 2nd period - Snap shot by Shawn Matthias.
11:18 of 2nd period - Shot Misses the Net.
11:20 of 2nd period - Wrist shot by Shawn Matthias.
11:20 of 2nd period - Stopped by Matt Hackett without a rebound.
11:21 of 2nd period - Brian Flynn wins face-off versus Patrice Cormier in Blackdemons zone.
11:35 of 2nd period - Off-side.
11:36 of 2nd period - Martin Hanzal wins face-off versus Dana Tyrell in neutral zone.
11:41 of 2nd period - Wrist shot by Dana Tyrell.
11:41 of 2nd period - Shot Misses the Net.
11:43 of 2nd period - Snap shot by Hugh Jessiman.
11:43 of 2nd period - Shot Misses the Net.
11:45 of 2nd period - Backhand shot by Jesse Joensuu.
11:45 of 2nd period - Deflect By Hugh Jessiman.
11:45 of 2nd period - Shot Misses the Net.
11:45 of 2nd period - Puck is out of play.
11:46 of 2nd period - Dana Tyrell wins face-off versus Martin Hanzal in Blackdemons zone.
12:01 of 2nd period - Snap shot by Hugh Jessiman.
12:01 of 2nd period - Stopped by Matt Hackett without a rebound.
12:02 of 2nd period - Patrice Cormier wins face-off versus Brian Flynn in Blackdemons zone.
12:09 of 2nd period - Wrist shot by Patrice Cormier.
12:09 of 2nd period - Goal by Patrice Cormier - Blackdemons : 7 - Little Stars : 3.
12:10 of 2nd period - Brian Flynn wins face-off versus Martin Hanzal in neutral zone.
12:42 of 2nd period - Andy McDonald is hit by Hugh Jessiman and loses puck.
13:01 of 2nd period - Slapshot by Mathieu Perreault.
13:01 of 2nd period - Stopped by Matt Hackett with a rebound.
13:03 of 2nd period - Slapshot by Reece Willcox.
13:03 of 2nd period - Deflect By Robert Klinkhammer.
13:03 of 2nd period - Shot Misses the Net.
13:03 of 2nd period - Puck is out of play.
13:04 of 2nd period - Brian Flynn wins face-off versus Martin Hanzal in Blackdemons zone.
13:53 of 2nd period - Slapshot by Keaton Ellerby.
13:53 of 2nd period - Deflect By Robert Klinkhammer.
13:53 of 2nd period - Stopped by Peter Delmas without a rebound.
13:54 of 2nd period - Mathieu Perreault wins face-off versus Martin Hanzal in Little Stars zone.
14:23 of 2nd period - Mathew Dumba is hit by Phil Oreskovic and loses puck.
14:28 of 2nd period - Snap shot by Alex Chiasson.
14:28 of 2nd period - Shot Blocked by Mathew Dumba.
14:30 of 2nd period - Snap shot by Alex Chiasson.
14:30 of 2nd period - Shot Misses the Net.
14:32 of 2nd period - Slapshot by Phil Oreskovic.
14:32 of 2nd period - Shot Blocked by Keaton Ellerby.
14:50 of 2nd period - Snap shot by Max Friberg.
14:50 of 2nd period - Stopped by Peter Delmas without a rebound.
14:51 of 2nd period - Brian Flynn wins face-off versus Martin Hanzal in Little Stars zone.
15:47 of 2nd period - Snap shot by Mathieu Perreault.
15:47 of 2nd period - Goal by Mathieu Perreault - Blackdemons : 7 - Little Stars : 4.
15:48 of 2nd period - Brian Flynn wins face-off versus Martin Hanzal in neutral zone.
16:41 of 2nd period - Wrist shot by Jesse Joensuu.
16:41 of 2nd period - Shot Misses the Net.
17:04 of 2nd period - Slapshot by Calvin de Haan.
17:04 of 2nd period - Deflect By Patrice Cormier.
17:04 of 2nd period - Stopped by Peter Delmas with a rebound.
17:06 of 2nd period - Slapshot by Calvin de Haan.
17:06 of 2nd period - Stopped by Peter Delmas with a rebound.
17:08 of 2nd period - Snap shot by Andrew MacDonald.
17:08 of 2nd period - Shot Misses the Net.
17:24 of 2nd period - Wrist shot by Brian Flynn.
17:24 of 2nd period - Deflect By Keaton Ellerby.
17:24 of 2nd period - Stopped by Matt Hackett with a rebound.
17:26 of 2nd period - Slapshot by Tyson Barrie.
17:26 of 2nd period - Stopped by Matt Hackett without a rebound.
17:27 of 2nd period - Brian Flynn wins face-off versus Patrice Cormier in Blackdemons zone.
17:30 of 2nd period - Snap shot by Brian Flynn.
17:30 of 2nd period - Shot Misses the Net.
18:13 of 2nd period - Wrist shot by Hugh Jessiman.
18:13 of 2nd period - Deflect By Jesper Fast.
18:13 of 2nd period - Shot Misses the Net.
18:13 of 2nd period - Puck is out of play.
18:14 of 2nd period - Mathieu Perreault wins face-off versus Scott Timmins in Blackdemons zone.
18:17 of 2nd period - Snap shot by Jesper Fast.
18:17 of 2nd period - Shot Misses the Net.
18:19 of 2nd period - Slapshot by Jordie Benn.
18:19 of 2nd period - Shot Blocked by Jeffrey Foss.
18:21 of 2nd period - Slapshot by Tyson Barrie.
18:21 of 2nd period - Shot Misses the Net.
18:44 of 2nd period - Slapshot by Patrice Cormier.
18:44 of 2nd period - Shot Blocked by Tyson Barrie.
18:46 of 2nd period - Snap shot by Alexandre Grenier.
18:46 of 2nd period - Stopped by Peter Delmas with a rebound.
18:48 of 2nd period - Snap shot by Jeffrey Foss.
18:48 of 2nd period - Deflect By Patrice Cormier.
18:48 of 2nd period - Shot Misses the Net.
18:48 of 2nd period - Puck is out of play.
18:49 of 2nd period - Dana Tyrell wins face-off versus Branko Radivojevic in Little Stars zone.
19:16 of 2nd period - Phil Oreskovic is hit by Andy McDonald.
19:37 of 2nd period - Snap shot by Tyler Wotherspoon.
19:37 of 2nd period - Shot Blocked by Keaton Ellerby.
Goals for this period are 3 for Blackdemons vs 3 for Little Stars.
Shots for this period are 16 for Blackdemons vs 12 for Little Stars.
3rd period
0:01 of 3rd period - Brian Flynn wins face-off versus Martin Hanzal in neutral zone.
0:14 of 3rd period - Ronalds Kenins is hit by Alex Chiasson and loses puck.
0:28 of 3rd period - Minor Penalty to Jesse Joensuu for Roughing.
0:29 of 3rd period - Martin Hanzal wins face-off versus Alex Chiasson in Little Stars zone.
0:37 of 3rd period - Slapshot by Branko Radivojevic.
0:37 of 3rd period - Shot Blocked by Shawn Matthias.
0:39 of 3rd period - Slapshot by Mathew Dumba.
0:39 of 3rd period - Shot Misses the Net.
0:41 of 3rd period - Slapshot by Martin Hanzal.
0:41 of 3rd period - Goal by Martin Hanzal - Blackdemons : 8 - Little Stars : 4.
0:41 of 3rd period - Jhonas Enroth enters game.
0:42 of 3rd period - Brian Flynn wins face-off versus Patrice Cormier in neutral zone.
0:52 of 3rd period - Wrist shot by Patrice Cormier.
0:52 of 3rd period - Stopped by Jhonas Enroth without a rebound.
0:53 of 3rd period - Ronalds Kenins wins face-off versus Brian Flynn in Little Stars zone.
1:41 of 3rd period - Jesper Fast is hit by Calvin de Haan and loses puck.
1:50 of 3rd period - Slapshot by Calvin de Haan.
1:50 of 3rd period - Stopped by Jhonas Enroth without a rebound.
1:51 of 3rd period - Martin Hanzal wins face-off versus Daniel O'regan in Little Stars zone.
1:52 of 3rd period - Snap shot by Branko Radivojevic.
1:52 of 3rd period - Stopped by Jhonas Enroth with a rebound.
1:53 of 3rd period - Scott Kosmachuck and Keaton Ellerby fight to a draw.
1:53 of 3rd period - Penalty to Scott Kosmachuck for Fighting.
1:53 of 3rd period - Penalty to Keaton Ellerby for Fighting.
1:54 of 3rd period - Patrice Cormier wins face-off versus Brian Flynn in Little Stars zone.
1:55 of 3rd period - Snap shot by Andy McDonald.
1:55 of 3rd period - Stopped by Jhonas Enroth without a rebound.
1:56 of 3rd period - Brian Flynn wins face-off versus Patrice Cormier in Little Stars zone.
3:07 of 3rd period - Slapshot by Blake Pietila.
3:07 of 3rd period - Stopped by Jhonas Enroth without a rebound.
3:08 of 3rd period - Brian Flynn wins face-off versus Scott Timmins in Little Stars zone.
3:15 of 3rd period - Wrist shot by Brian Flynn.
3:15 of 3rd period - Stopped by Matt Hackett without a rebound.
3:16 of 3rd period - Brian Flynn wins face-off versus Patrice Cormier in Blackdemons zone.
3:36 of 3rd period - Off-side.
3:37 of 3rd period - Martin Hanzal wins face-off versus Dana Tyrell in neutral zone.
4:02 of 3rd period - Alex Chiasson is hit by Max Friberg.
4:32 of 3rd period - Slapshot by Tyson Barrie.
4:32 of 3rd period - Stopped by Matt Hackett with a rebound.
4:34 of 3rd period - Snap shot by Mathieu Perreault.
4:34 of 3rd period - Stopped by Matt Hackett without a rebound.
4:35 of 3rd period - Brian Flynn wins face-off versus Martin Hanzal in Blackdemons zone.
4:42 of 3rd period - Slapshot by Brian Flynn.
4:42 of 3rd period - Stopped by Matt Hackett with a rebound.
4:44 of 3rd period - Wrist shot by Shawn Matthias.
4:44 of 3rd period - Shot Misses the Net.
4:46 of 3rd period - Wrist shot by Alex Chiasson.
4:46 of 3rd period - Shot Misses the Net.
4:48 of 3rd period - Snap shot by Shawn Matthias.
4:48 of 3rd period - Shot Misses the Net.
5:23 of 3rd period - Wrist shot by Sergei Plotnikov.
5:23 of 3rd period - Shot Misses the Net.
5:25 of 3rd period - Slapshot by Jeffrey Foss.
5:25 of 3rd period - Stopped by Jhonas Enroth with a rebound.
5:27 of 3rd period - Snap shot by Jeffrey Foss.
5:27 of 3rd period - Shot Misses the Net.
5:49 of 3rd period - Snap shot by James Livingstone.
5:49 of 3rd period - Stopped by Jhonas Enroth with a rebound.
5:51 of 3rd period - Snap shot by Blake Pietila.
5:51 of 3rd period - Shot Misses the Net.
5:53 of 3rd period - Snap shot by Scott Timmins.
5:53 of 3rd period - Stopped by Jhonas Enroth with a rebound.
6:03 of 3rd period - Martin Hanzal is hit by Phil Oreskovic and loses puck.
6:10 of 3rd period - Wrist shot by Shawn Matthias.
6:10 of 3rd period - Shot Blocked by Ronalds Kenins.
6:12 of 3rd period - Backhand shot by Jordie Benn.
6:12 of 3rd period - Deflect By Alex Chiasson.
6:12 of 3rd period - Stopped by Matt Hackett with a rebound.
6:30 of 3rd period - Andy McDonald is hit by Jesse Joensuu and loses puck.
7:09 of 3rd period - Brian Flynn is hit by Calvin de Haan and loses puck.
7:35 of 3rd period - Off-side.
7:36 of 3rd period - Patrice Cormier wins face-off versus Dana Tyrell in neutral zone.
8:24 of 3rd period - Jesper Fast is hit by Scott Timmins and loses puck.
8:31 of 3rd period - Wrist shot by Jesper Fast.
8:31 of 3rd period - Stopped by Matt Hackett with a rebound.
8:33 of 3rd period - Slapshot by Tyler Wotherspoon.
8:33 of 3rd period - Stopped by Matt Hackett with a rebound.
9:12 of 3rd period - Off-side.
9:13 of 3rd period - Hugh Jessiman wins face-off versus Martin Hanzal in neutral zone.
9:32 of 3rd period - Wrist shot by Jesse Joensuu.
9:32 of 3rd period - Shot Blocked by Mathew Dumba.
9:36 of 3rd period - Snap shot by Dana Tyrell.
9:36 of 3rd period - Stopped by Matt Hackett without a rebound.
9:37 of 3rd period - Patrice Cormier wins face-off versus Brian Flynn in Blackdemons zone.
9:50 of 3rd period - Snap shot by Patrice Cormier.
9:50 of 3rd period - Shot Blocked by Brian Flynn.
10:33 of 3rd period - Slapshot by Phil Oreskovic.
10:33 of 3rd period - Stopped by Matt Hackett without a rebound.
10:34 of 3rd period - Brian Flynn wins face-off versus Patrice Cormier in Blackdemons zone.
10:37 of 3rd period - Snap shot by Alex Chiasson.
10:37 of 3rd period - Shot Blocked by Andy McDonald.
10:39 of 3rd period - Wrist shot by Alex Chiasson.
10:39 of 3rd period - Shot Hit the Post.
10:47 of 3rd period - Wrist shot by Alex Chiasson.
10:47 of 3rd period - Deflect By Shawn Matthias.
10:47 of 3rd period - Shot Misses the Net.
10:47 of 3rd period - Puck is out of play.
10:48 of 3rd period - Branko Radivojevic wins face-off versus Alex Chiasson in Blackdemons zone.
11:17 of 3rd period - Slapshot by Calvin de Haan.
11:17 of 3rd period - Shot Blocked by Niklas Hjalmarsson.
11:19 of 3rd period - Wrist shot by Andy McDonald.
11:19 of 3rd period - Stopped by Jhonas Enroth with a rebound.
11:21 of 3rd period - Slapshot by Andrew MacDonald.
11:21 of 3rd period - Stopped by Jhonas Enroth with a rebound.
11:23 of 3rd period - Slapshot by Alexandre Grenier.
11:23 of 3rd period - Shot Misses the Net.
11:32 of 3rd period - Icing by Niklas Hjalmarsson.
11:33 of 3rd period - Dana Tyrell wins face-off versus Kyle Rau in Little Stars zone.
11:33 of 3rd period - Dana Tyrell is hit by Kyle Rau.
11:45 of 3rd period - Keaton Ellerby is hit by Brian Flynn and loses puck.
11:59 of 3rd period - Off-side.
12:00 of 3rd period - Mathieu Perreault wins face-off versus Martin Hanzal in neutral zone.
12:02 of 3rd period - Robert Klinkhammer and Andrew MacDonald fight to a draw.
12:02 of 3rd period - Penalty to Robert Klinkhammer for Fighting.
12:02 of 3rd period - Penalty to Andrew MacDonald for Fighting.
12:03 of 3rd period - Martin Hanzal wins face-off versus Brian Flynn in neutral zone.
12:31 of 3rd period - Wrist shot by Hugh Jessiman.
12:31 of 3rd period - Stopped by Matt Hackett with a rebound.
12:33 of 3rd period - Slapshot by Jordie Benn.
12:33 of 3rd period - Shot Misses the Net.
12:55 of 3rd period - Snap shot by Max Friberg.
12:55 of 3rd period - Stopped by Jhonas Enroth without a rebound.
12:56 of 3rd period - Mathieu Perreault wins face-off versus Branko Radivojevic in Little Stars zone.
13:23 of 3rd period - Off-side.
13:24 of 3rd period - Brian Flynn wins face-off versus Patrice Cormier in neutral zone.
13:29 of 3rd period - Slapshot by Alex Chiasson.
13:29 of 3rd period - Shot Misses the Net.
14:20 of 3rd period - Minor Penalty to Jesper Fast for Interference.
14:21 of 3rd period - Martin Hanzal wins face-off versus Shawn Matthias in Little Stars zone.
14:25 of 3rd period - Slapshot by Ronalds Kenins.
14:25 of 3rd period - Shot Hit the Post.
14:27 of 3rd period - Slapshot by Mathew Dumba.
14:27 of 3rd period - Stopped by Jhonas Enroth without a rebound.
14:28 of 3rd period - Martin Hanzal wins face-off versus Alex Chiasson in Little Stars zone.
14:32 of 3rd period - Snap shot by Martin Hanzal.
14:32 of 3rd period - Shot Misses the Net.
14:34 of 3rd period - Snap shot by Keaton Ellerby.
14:34 of 3rd period - Deflect By Branko Radivojevic.
14:34 of 3rd period - Shot Misses the Net.
14:34 of 3rd period - Puck is out of play.
14:35 of 3rd period - Shawn Matthias wins face-off versus Martin Hanzal in Little Stars zone.
14:35 of 3rd period - Shawn Matthias is hit by Ronalds Kenins.
16:03 of 3rd period - Keaton Ellerby is hit by Jordie Benn and loses puck.
16:20 of 3rd period - Penalty to Jesper Fast is over, Jesper Fast is back on ice.
16:34 of 3rd period - Slapshot by Scott Kosmachuck.
16:34 of 3rd period - Shot Blocked by Mathew Dumba.
17:08 of 3rd period - Snap shot by Hugh Jessiman.
17:08 of 3rd period - Stopped by Matt Hackett with a rebound.
17:26 of 3rd period - Backhand shot by Scott Kosmachuck.
17:26 of 3rd period - Shot Misses the Net.
17:28 of 3rd period - Snap shot by Alexander Vasyunov.
17:28 of 3rd period - Shot Hit the Post.
18:15 of 3rd period - Snap shot by Dana Tyrell.
18:15 of 3rd period - Stopped by Matt Hackett without a rebound.
18:16 of 3rd period - Kyle Rau wins face-off versus Dana Tyrell in Blackdemons zone.
18:54 of 3rd period - Icing by Jordie Benn.
18:55 of 3rd period - Patrice Cormier wins face-off versus Brian Flynn in Little Stars zone.
19:26 of 3rd period - Wrist shot by Dana Tyrell.
19:26 of 3rd period - Deflect By Martin Hanzal.
19:26 of 3rd period - Shot Blocked by Branko Radivojevic.
19:26 of 3rd period - Branko Radivojevic from Blackdemons is injured at 19:26 of 3rd period (Torn Left Knee Ligaments).
19:27 of 3rd period - Patrice Cormier wins face-off versus Brian Flynn in Blackdemons zone.
19:42 of 3rd period - Slapshot by Calvin de Haan.
19:42 of 3rd period - Deflect By Andy McDonald.
19:42 of 3rd period - Stopped by Jhonas Enroth with a rebound.
19:52 of 3rd period - Andrew MacDonald is hit by Phil Oreskovic and loses puck.
Goals for this period are 1 for Blackdemons vs 0 for Little Stars.
Shots for this period are 14 for Blackdemons vs 12 for Little Stars.
Back to the Top